 Dungeon Crawl Stone Soup version 0.30-a0-134-gb40fab5c76 (webtiles) character file.

Game seed: 464015827528857977

147 Jerej03 the Trooper (level 5, -1/57 HPs)
             Began as an Ogre Cinder Acolyte on Sept 19, 2022.
             Was an Elder of Ignis.
             Slain by a black bear (3 damage)
             ... on level 4 of the Dungeon.
             The game lasted 00:16:22 (2850 turns).

Jerej03 the Trooper (Ogre Cinder Acolyte)           Turns: 2850, Time: 00:16:23

Health: -1/57      AC:  3    Str: 23    XL:     5   Next: 29%
Magic:  6/6        EV:  9    Int: 15    God:    Ignis [****..]
Gold:   208        SH:  4    Dex:  4    Spells: 4/6 levels left

rFire   x . .      SeeInvis .    a - -1 spear (vamp)
rCold   + + .      Faith    .    (no shield)
rNeg    . . .      Spirit   .    c - +0 robe
rPois   +          Reflect  .    (helmet restricted)
rElec   .          Harm     .    (no cloak)
rCorr   .          Rampage  .    (gloves unavailable)
Will    .....                    (boots unavailable)
Stlth   ++........               q - amulet of magic regeneration
HPRegen 0.19/turn                l - ring of Voshrixu {Ice rPois Str+3}
MPRegen 0.50/turn                o - ring of Zidyod {Ice +Blink rPois Stlth+}

@: on blink cooldown
A: large, unfitting armour, tough skin 1, large bone plates 1
a: Renounce Religion, Evoke Blink, Fiery Armour, Foxfire Swarm, Rising Flame


You were on level 4 of the Dungeon.
You worshipped Ignis.
Ignis was greatly pleased with you.
You visited 1 branch of the dungeon, and saw 4 of its levels.

You collected 208 gold pieces.

Inventory:

Hand Weapons
 a - a -1 vampiric spear (weapon)
Missiles
 r - 4 javelins (quivered)
Armour
 b - a +0 robe
 c - a +0 robe (worn)
 f - an orb of energy
Jewellery
 e - a ring of flight
 l - the ring of Voshrixu (left hand) {Ice rPois Str+3}
   (You found it on level 3 of the Dungeon)

   [ring of ice]

   It enhances your ice magic.
   Str:       It affects your strength (+3).
   rF:        It makes you vulnerable to fire.
   rC:        It protects you from cold.
   rPois:     It protects you from poison.
 m - an amulet of the acrobat
 o - the ring of Zidyod (right hand) {Ice +Blink rPois Stlth+}
   (You found it on level 3 of the Dungeon)

   [ring of ice]

   It enhances your ice magic.
   rF:        It makes you vulnerable to fire.
   rC:        It protects you from cold.
   rPois:     It protects you from poison.
   +Blink:    It lets you blink.
   Stlth:     It makes you more stealthy.
 q - an amulet of magic regeneration (around neck)
Wands
 j - a wand of paralysis (8)
Scrolls
 h - a scroll of blinking
 i - 2 scrolls of identify
 p - a scroll of summoning {unknown}


   Skills:
 + Level 5.3 Fighting
 + Level 4.4 Polearms
 + Level 1.6 Dodging
 + Level 0.2 Stealth
 + Level 1.2 Spellcasting
 + Level 2.8 Fire Magic


You had 4 spell levels left.
You knew the following spells:

 Your Spells              Type           Power      Damage    Failure   Level
a - Scorch                Fire           18%        2d6       11%         2

Your spell library contained the following spells:

 Spells                   Type           Power      Damage    Failure   Level
 Dazzling Flash           Conj/Hex       0%         N/A       58%         3
 Agony                    Necr           0%         N/A       100%        5
 Silence                  Hex/Air        0%         N/A       100%        5


Dungeon Overview and Level Annotations

Branches:
Dungeon (4/15)
 Temple: D:4-7

Altars:
Dithmenos
Sif Muna

Shops:
D:2 (


Innate Abilities, Weirdness & Mutations

You are too large for most types of armour.
You have tough skin. (AC +1)
You are partially covered in large bone plates. (SH +4)


Message History

The black bear claws you.
You hit the black bear.
The black bear is almost dead.
The black bear misses you. The black bear barely misses you.
The black bear claws you.
You hit the black bear but do no damage.
The black bear is almost dead.
The black bear bites you! The black bear claws you.
The black bear closely misses you.
You barely miss the black bear.
The black bear is almost dead.
The black bear bites you!
* * * LOW HITPOINT WARNING * * *
The black bear claws you.
* * * LOW HITPOINT WARNING * * *
The black bear claws you.
* * * LOW HITPOINT WARNING * * *
The black bear closely misses you. The black bear claws you.
* * * LOW HITPOINT WARNING * * *
You block the black bear's attack.
Okay, then.
You blink.
Found a whip.
You hear a shout!
Reach: a) -1 spear (vamp)
Press: ? - help, Dir - move target, f/p - black bear
Aim: a black bear (severely wounded, berserk, about 35% to evade your -1 vampiric spear)
You reach to attack!
You hit the black bear but do no damage.
The black bear is severely wounded.
You hit the black bear.
You feel better.
The black bear is almost dead.
You block the black bear's attack.
The black bear claws you but does no damage.
The black bear claws you.
* * * LOW HITPOINT WARNING * * *
You hit the black bear but do no damage.
The black bear is almost dead.
The black bear bites you.
You die...

### ...########.)...
#............# #@#
..# #h###.# #.#...
#...# #..# #..# #..#
#.## #..# #..## #..#
### ######..#.##
#..###<###..........#


You could see a black bear (berserk).

Vanquished Creatures
  An iguana (D:4)
  4 adders
  A worm (D:3)
  5 dart slugs
  2 orcs (D:4)
  4 endoplasms
  5 giant cockroaches
  2 goblins (D:1)
  9 hobgoblins
  10 kobolds
  7 quokkas
  6 ball pythons
  6 bats
  3 frilled lizards
  3 rats
68 creatures vanquished.

Vanquished Creatures (others)
  9 foxfires (D:3)
9 creatures vanquished.

Grand Total: 77 creatures vanquished

Notes
Turn   | Place    | Note
-------+----------+-------------------------------------------
     0 | D:1      | Jerej03 the Ogre Cinder Acolyte began the quest for the
                  | Orb.
     0 | D:1      | Reached XP level 1. HP: 24/24 MP: 2/2
    58 | D:1      | Reached XP level 2. HP: 26/33 MP: 3/3
   164 | D:1      | Found a faded altar of an unknown god.
   524 | D:1      | Reached XP level 3. HP: 41/41 MP: 4/4
  1025 | D:2      | Found Hurahui's Antique Weapon Emporium.
  1131 | D:2      | Reached skill level 5 in Fighting
  1394 | D:2      | Reached XP level 4. HP: 50/50 MP: 5/5
  1762 | D:3      | Identified the ring of Voshrixu {Ice rPois Str+3}
  1804 | D:3      | Reached skill level 1 in Dodging
  1858 | D:3      | Found a shadowy altar of Dithmenos.
  2184 | D:3      | Identified the ring of Zidyod {Ice +Blink rPois Stlth+}
  2335 | D:3      | Found a shimmering blue altar of Sif Muna.
  2561 | D:4      | Learned a level 2 spell: Scorch
  2688 | D:4      | Reached XP level 5. HP: 57/57 MP: 6/6
  2736 | D:4      | Gained mutation: You are partially covered in large bone
                  | plates. (SH +4) [potion of mutation]
  2824 | D:4      | Noticed a black bear
  2849 | D:4      | HP: 2/57 [black bear (4)]
  2850 | D:4      | Slain by a black bear

Illustrated notes

Levels and vault maps discovered:
D:1:      shiori_shiawase, layout_basic, basic_ecumenical_altar
D:2:      layout_rooms, serial_shops, nicolae_shop_competitors_out_of_business
D:3:      layout_loops_corners, lemuel_blue_sif_altar,
          nicolae_overflow_crystal_walls
D:4:      layout_loops_ring, minmay_fractal_squares_gapless_5

Skill      XL: |  1  2  3  4 |
---------------+-------------+-----
Fighting       | 5 |  5.3
Dodging        | 1 |  1.6
Polearms       | 4 |  4.4
Stealth        | |  0.2
Spellcasting   | |  1.2
Fire Magic     | |  2.8

Action                   |  1- 3 |  4- 6 || total
-------------------------+-------+-------++-------
Melee: Spear             |   120 |   124 ||   244
       Punch             |       |     1 ||     1
Throw: Javelin           |       |     1 ||     1
Invok: Fiery Armour      |     2 |     1 ||     3
       Foxfire Swarm     |       |     1 ||     1
 Abil: Evoke Blink       |       |     1 ||     1
  Use: Scroll            |     3 |     5 ||     8
       Potion            |       |     5 ||     5
Armor: Robe              |    29 |    38 ||    67
       Skin              |     1 |       ||     1
Dodge: Dodged            |    47 |    61 ||   108
Block: Other             |       |    10 ||    10

Table legend: (Time is in decaauts)
 A = Elapsed time spent in this place.
 B = Non-inter-level travel time spent in this place.
 C = Inter-level travel time spent in this place.
 D = Time resting spent in this place.
 E = Time spent auto-exploring this place.
 F = Levels seen in this place.
 G = Mean time per level.
                   A        B        C        D        E       F      G
               +--------+--------+--------+--------+--------+-----+--------+
         Total |   2841 |   2786 |     55 |      0 |   2173 |   4 |  710.2 |
       Dungeon |   2841 |   2786 |     55 |      0 |   2173 |   4 |  710.2 |
               +--------+--------+--------+--------+--------+-----+--------+

Top non-repeatable levels by time:
     D:1: 1014 daAuts
     D:3: 958 daAuts
     D:2: 528 daAuts
     D:4: 339 daAuts
